 Dungeon Crawl Stone Soup version 0.19-a0-1895-g783e625 (webtiles) character file.

306 Lochraine the Archer (level 6, -1/51 HPs)
             Began as a Centaur Hunter on Oct 18, 2016.
             Slain by a sky beast (5 damage)
             ... on level 4 of the Dungeon.
             The game lasted 00:15:26 (4637 turns).

Lochraine the Archer (Centaur Hunter)               Turns: 4637, Time: 00:15:30

Health: -1/51      AC:  8    Str: 14    XL:     6   Next: 16%
Magic:  6/6        EV:  7    Int: 10    God:
Gold:   169        SH:  0    Dex: 12    Spells: 0 memorised, 5 levels left

rFire  . . .     SeeInvis .     b - +0 falchion
rCold  . . .     Gourm    .     c - +0 leather armour
rNeg   . . .     Faith    .     (no shield)
rPois  .         Spirit   .     (no helmet)
rElec  .         Reflect  .     (no cloak)
rCorr  .         Harm     .     (no gloves)
MR     .....                    w - +0 centaur barding
Stlth  +.........               (no amulet)
                                (no ring)
                                (no ring)

@: drained, very quick
A: hooves 3, deformed body, speed 2, tough skin 3
a: no special abilities


You were on level 4 of the Dungeon.
You were not hungry.

You visited 1 branch of the dungeon, and saw 4 of its levels.

You collected 169 gold pieces.

Inventory:

Hand Weapons
 a - a +1 shortbow
 b - a +0 falchion (weapon)
 l - a +0 short sword
Missiles
 d - 2 arrows
Armour
 c - a +0 leather armour (worn)
 w - a +0 centaur barding (worn)
Wands
 y - a wand of digging (10/24)
Scrolls
 h - 2 scrolls of fear {unknown}
 i - 3 scrolls of remove curse
 k - 2 scrolls of teleportation {unknown}
 o - a scroll of amnesia {unknown}
 r - a scroll of noise {unknown}
 t - a scroll of blinking {unknown}
 z - 2 scrolls of identify {unknown}
Potions
 g - a potion of lignification {unknown}
 m - a potion of berserk rage {unknown}
 p - a potion of degeneration {unknown}
 q - a potion of magic {unknown}
 s - a potion of might {unknown}
 v - 2 potions of heal wounds {unknown}
 x - a potion of agility {unknown}
Comestibles
 f - 3 bread rations
 j - 2 meat rations
 u - 5 chunks of flesh


   Skills:
 - Level 3.2(2.7) Fighting
 - Level 8.4(7.9) Bows
 + Level 0.8(0.4) Armour
 - Level 2.2(1.8) Dodging
 - Level 0.4(0.0) Stealth


You had 5 spell levels left.
You didn't know any spells.

Dungeon Overview and Level Annotations

Branches:
Dungeon (4/15)
 Temple: D:4-7

Altars:
Xom

Annotations:
D:3 Nattefrost's ghost, amateur MiHu


Innate Abilities, Weirdness & Mutations

You have hooves in place of feet.
Armour fits poorly on your strangely shaped body.
You cover ground very quickly.
You have extremely tough skin. (AC +3)


Message History

You feel sick.
You feel sick.
You are no longer poisoned.
Something hits you.
* * * LOW HITPOINT WARNING * * *
Something shocks you.
* * * LOW HITPOINT WARNING * * *
There is a stone staircase leading down here.
You feel better. The adder bites you.
* * * LOW HITPOINT WARNING * * *
Okay, then.
Okay, then.
It was a potion of cancellation.
You feel magically purged. The adder barely misses you.
You riposte.
You hit the adder but do no damage. You kick the adder.
The adder is lightly wounded.
Something hits you.
* * * LOW HITPOINT WARNING * * *
Something shocks you.
You die...

############ ######......
##...^..(...####..........
#.......................#
#..............###.......###
#...[........=(%(#..........
#..............#.....(.$((..
#..............###..[.......
#..........S...# #..........
##.........@..## #.......%..
############## #.....###...
#..#### ... ...# .. .#### [


You could see an adder.

Vanquished Creatures
  An ogre (D:4)
  An orc priest (D:3)
  An iguana (D:4)
  A hound skeleton (D:4)
  6 adders
  An ooze (D:1)
  A worm (D:2)
  A dart slug (D:2)
  2 leopard geckos
  8 orcs (D:3)
  11 bats
  A giant cockroach (D:2)
  10 goblins
  7 hobgoblins
  16 jackals
  2 quokkas (D:3)
  A frilled lizard (D:2)
  9 kobolds
  6 rats
86 creatures vanquished.

Notes
Turn   | Place    | Note
-------+----------+-------------------------------------------
     0 | D:1      | Lochraine the Centaur Hunter began the quest for the Orb.
     0 | D:1      | Reached XP level 1. HP: 17/17 MP: 1/1
   339 | D:1      | Reached XP level 2. HP: 22/24 MP: 2/2
   340 | D:1      | Reached skill level 6 in Bows
  1015 | D:2      | Reached XP level 3. HP: 29/29 MP: 3/3
  1207 | D:2      | Found a shimmering altar of Xom.
  1305 | D:2      | Reached skill level 7 in Bows
  2047 | D:3      | Noticed Nattefrost's ghost (amateur MiHu)
  2383 | D:3      | Reached XP level 4. HP: 22/37 MP: 4/4
  3880 | D:4      | Noticed an ogre
  3983 | D:4      | Reached XP level 5. HP: 44/45 MP: 5/5
  4044 | D:4      | Killed an ogre
  4044 | D:4      | Reached skill level 8 in Bows
  4355 | D:3      | Reached XP level 6. HP: 34/51 MP: 6/6
  4611 | D:4      | Noticed a sky beast
  4637 | D:4      | Slain by a sky beast

Vault maps used:
D:1:      dpeg_arrival_rooms_a, corexii_hall_statues_deadend,
          minmay_misc_feat_rows
D:2:      lemuel_round_altar
D:3:      due_unseen_surprise
D:4:      minmay_diamond_boxcup, minitemple, serial_shops,
          nicolae_shop_waterfront

Skill      XL: |  1  2  3  4  5 |
---------------+----------------+-----
Bows           | 6 7 8 |  8.4
Fighting       | 3 |  3.2
Dodging        | 2 |  2.2
Armour         | |  0.8
Stealth        | |  0.4

Action                   |  1- 3 |  4- 6 || total
-------------------------+-------+-------++-------
Melee: Short sword       |   153 |       ||   153
       Kick              |    28 |    31 ||    59
       Falchion          |    39 |   139 ||   178
 Fire: Shortbow          |    19 |    63 ||    82
  Use: Potion            |       |     3 ||     3
       Scroll            |       |     1 ||     1
  Eat: Chunk             |     3 |     5 ||     8
       Royal jelly       |       |     1 ||     1
Armor: Leather armour    |    99 |    88 ||   187
Dodge: Dodged            |   133 |    88 ||   221
       Rpst.: Falchion   |     9 |    32 ||    41
